 Dungeon Crawl Stone Soup version 0.32-a0-599-gba8f9cf90e (webtiles) character file.

Game seed: 5486081729996564265

132784 runemasterragnar the Metamorph (level 16, -1/134 (144) HPs)
             Began as a Grey Draconian Shapeshifter on Mar 2, 2024.
             Was an Elder of Fedhas.
             Slain by a spark wasp (7 damage)
             ... on level 3 of the Spider Nest.
             The game lasted 01:01:23 (33808 turns).

runemasterragnar the Metamorph (DrSh)              Turns: 33808, Time: 01:01:23

HP:   -1/134 (144)  AC: 19    Str: 20    XL:     16   Next: 58%
MP:   0/21          EV: 19    Int: 22    God:    Fedhas [****..]
Gold: 3904          SH:  0    Dex: 15    Spells: 18/24 levels left

rFire   + .          .
                       - Unarmed
rCold   + . .        (no shield)
rNeg    . . .        (body armour unavailable)
rPois   +            r - +2 hat
rElec   .            x - scarf {rC+ rF+}
rCorr   .            N - +2 pair of gloves
SInv    .            (no boots)
Will    +++..        M - amulet "Ehahea" {Spirit Will++}
Stlth   +++          y - ring of Shadows {Umbra +Inv Stlth+}
HPRegen 0.42/turn    F - ring "Hoyfregh" {Int+6 Dex+5}
MPRegen 0.17/turn

%: guardian spirit
@: maw-form, hasted, wreathed by umbra, drained, very quick
A: devouring maw, mud breath, mud-swimmer, AC +14, amphibious, unfitting armour,
cold-blooded, low MP 1, poison resistance, MP-powered wands
a: Mud Breath, Begin Untransformation, Renounce Religion, Evoke Invisibility,
Wall of Briars, Grow Ballistomycete, Overgrow


You were on level 3 of the Spider Nest.
You worshipped Fedhas.
Fedhas was greatly pleased with you.
You were a creature with a mouth for a stomach.
You visited 4 branches of the dungeon, and saw 24 of its levels.
You also visited: Sewer and Bailey.

You collected 4118 gold pieces.
You spent 214 gold pieces at shops.

Inventory:

Hand Weapons
 Z - the +10 falchion "Zuag" {speed, rElec rC+}
   (You took it off a human on level 14 of the Dungeon)

   rC+:       It protects you from cold.
   rElec:     It insulates you from electricity.
Missiles
 i - 23 poisoned darts (quivered)
 V - 2 throwing nets
Armour
 r - a +2 hat (worn)
 x - a scarf of resistance (worn)
 N - a +2 pair of gloves (worn)
Magical Staves
 k - the staff "Ubeps" {^Fragile rElec Str+3 Air}
   (You found it on level 5 of the Lair of Beasts)

   [staff of air]

   Base accuracy: +5 Base damage: 5 Base attack delay: 1.2 This weapon's minimum
   attack delay (0.6) is reached at skill level 12.
   Str+3:     It affects your strength (+3).
   rElec:     It insulates you from electricity.
   ^Fragile:  It will be destroyed if unequipped.
   Air:       It increases the power of your Air spells.
   It falls into the 'Staves' category.
   It is a one-handed weapon.
Jewellery
 a - a +6 ring of dexterity
 d - a +6 ring of intelligence
 f - a ring of protection from cold
 n - a ring of positive energy
 v - a ring of protection from fire
 y - the ring of Shadows (left hand) {Umbra +Inv Stlth+}
   (You found it in a bailey)

   [ring of stealth]

   Umbra:     It surrounds you with an aura of shadow, increasing your stealth
   and reducing the accuracy of all others within it.
   +Inv:      It lets you turn invisible.
   Stlth+:    It makes you more stealthy.
 F - the ring "Hoyfregh" (right hand) {Int+6 Dex+5}
   (You found it on level 7 of the Dungeon)

   [ring of intelligence]

   Int+6:     It affects your intelligence (+6).
   Dex+5:     It affects your dexterity (+5).
 M - the amulet "Ehahea" (around neck) {Spirit Will++}
   (You acquired it on level 11 of the Dungeon)

   [amulet of guardian spirit]

   Spirit:    It causes incoming damage to be divided between your reserves of
   health and magic.
   Will++:    It greatly increases your willpower.
 R - an amulet of the acrobat
 U - a +6 ring of strength
 W - a ring of resist corrosion
 Y - a ring of resist corrosion
Talismans
 b - a beast talisman
 c - a flux talisman
 C - a serpent talisman
 L - a maw talisman (active)
 T - a serpent talisman
Wands
 e - a wand of polymorph (36)
 g - a wand of paralysis (16)
 w - a wand of flame (62)
 G - a wand of warping (4)
 P - a wand of digging (8)
Scrolls
 j - 7 scrolls of enchant armour
 q - a scroll of torment
 u - 2 scrolls of brand weapon
 A - a scroll of teleportation
 B - 8 scrolls of poison
 D - 4 scrolls of enchant weapon
 E - 5 scrolls of immolation
 J - 2 scrolls of vulnerability
 O - 2 scrolls of revelation
 X - 4 scrolls of identify
Potions
 h - a potion of resistance
 l - 5 potions of brilliance
 m - 4 potions of enlightenment
 p - 3 potions of magic
 s - 4 potions of haste
 t - 4 potions of degeneration
 z - 5 potions of mutation
 H - 2 potions of lignification
 Q - 2 potions of attraction


   Skills:
 + Level 13.2 Fighting
 - Level 14.0 Dodging
 + Level 14.2 Unarmed Combat
 - Level 4.6 Spellcasting
 - Level 7.4 Translocations
 + Level 11.1 Invocations
 - Level 3.8 Evocations
 * Level 15.8 Shapeshifting


You had 18 spell levels left.
You knew the following spells:

 Your Spells              Type           Power      Damage    Failure   Level
a - Manifold Assault      Tloc           38%        N/A       4%          4
b - Blink                 Tloc           76%        N/A       1%          2

Your spell library contained the following spells:

 Spells                   Type           Power      Damage    Failure   Level
 Kiss of Death            Conj/Necr      20%        2d7       11%         1
 Magic Dart               Conj           20%        1d4       11%         1
 Call Imp                 Summ           10%        N/A       16%         2
 Cigotuvi's Dreadful Rot  Necr/Alch/Air  10%        N/A       16%         2
 Ensorcelled Hibernation  Hex/Ice        10%        N/A       16%         2
 Jinxbite                 Hex            10%        N/A       16%         2
 Sublimation of Blood     Necr           5%         N/A       16%         2
 Confusing Touch          Hex            5%         N/A       32%         3
 Fugue of the Fallen      Necr           5%         N/A       32%         3
 Inner Flame              Hex/Fire       5%         N/A       32%         3
 Ozocubu's Armour         Ice            5%         N/A       32%         3
 Passwall                 Erth           5%         N/A       32%         3
 Sigil of Binding         Hex            5%         N/A       32%         3
 Swiftness                Air            5%         N/A       32%         3
 Dispersal                Tloc           19%        N/A       58%         6
 Anguish                  Hex/Necr       2%         N/A       71%         4
 Brom's Barrelling Bould  Conj/Erth      5%         2d3       71%         4
 Dispel Undead            Necr           5%         3d7       71%         4
 Flame Wave               Conj/Fire      5%         2d5       71%         4
 Ignite Poison            Fire/Alch      5%         N/A       71%         4
 Petrify                  Alch/Erth      5%         N/A       71%         4
 Sticky Flame             Fire/Alch      5%         2d4       71%         4
 Fireball                 Conj/Fire      2%         3d4       96%         5
 Freezing Cloud           Conj/Ice/Air   2%         6-21      96%         5
 Irradiate                Conj/Alch      2%         3d12      96%         5
 Iskenderun's Battlesphe  Conj           5%         2d6       96%         5
 Conjure Ball Lightning   Conj/Air       2%         3x3d6     100%        6
 Enfeeble                 Hex            2%         N/A       100%        7
 Orb of Destruction       Conj           2%         9d5       100%        7
 Disjunction              Tloc           19%        N/A       100%        8


Dungeon Overview and Level Annotations

Branches:
Dungeon (14/15)            Temple (0/1) D:5            Lair (5/5) D:8
 Shoals (0/4) Lair:2       Spider (3/4) Lair:3        Slime (0/5) Lair:5
    Orc (2/2) D:12            Elf (0/3) Orc:2        Vaults (0/5) D:14
  Sewer (visited)          Bailey (visited)

Altars:
Dithmenos
Elyvilon
Fedhas
Gozag
Hepliaklqana
Kikubaaqudgha
Qazlal
Ru
Sif Muna
Trog
Vehumet
Zin
The Shining One
Beogh
Jiyva

Shops:
D:2 (   D:6 *   Orc:2 :[(:

Annotations:
D:2 1 runed translucent door, Crazy Yiuf
D:13 8 runed translucent doors
D:14 3 runed translucent doors, Azoth's ghost, journeyman FeSh


Innate Abilities, Weirdness & Mutations

You are a creature with a mouth for a stomach.
Your midsection houses a second, enormous mouth.
You can breathe torrents of mud.
You are unimpeded by mud.
Your dull iron-grey scales are very hard. (AC +14)
You are amphibious.
You cannot fit into any form of body armour.
You are cold-blooded and may be slowed by cold attacks.
Your magical capacity is low. (-10% MP)
Your system is resistant to poisons. (rPois)
You expend magic power (3 MP) to strengthen your wands.


Message History

The spark wasp shocks you!
* * * LOW HITPOINT WARNING * * *
Okay, then.
As you read the scroll of summoning, it crumbles to dust.
Wisps of shadow whirl around you...
You feel sick.
The radroach becomes momentarily stuck in the liquid earth.
The radroach claws you but does no damage.
The spark wasp completely misses you.
Unknown command.
Okay, then.
You feel sick. The radroach attacks as it pursues you! The radroach bites you!
* * * LOW HITPOINT WARNING * * *
The radroach claws you but does no damage.
Unknown command.
Okay, then.
You swap places.
Your wolf spider hits the radroach but does no damage.
Your wolf spider bites the radroach.
The radroach looks as sick as possible!
Your wolf spider poisons the radroach!
Your jumping spider pounces on the radroach but does no damage.
Your jumping spider barely misses the radroach.
Okay, then.
You feel sick.
Your jumping spider pounces on the radroach.
Your jumping spider bites the radroach.
The spark wasp barely misses your wolf spider.
Your wolf spider hits the radroach but does no damage.
Your wolf spider bites the radroach but does no damage.
Your redback bites the spark wasp!
You feel sick.
You are no longer poisoned.
The spark wasp bursts into living lightning!
The living lightning hits your wolf spider!
The living lightning misses you.
The spark wasp blinks!
Your jumping spider completely misses the radroach.
Your jumping spider bites the radroach.
The radroach bites your jumping spider but does no damage.
The radroach claws your jumping spider. The spark wasp stings you!
You die...
Fedhas appreciates your contribution to the ecosystem.

#############
.......~~~~.#
.......~~~#.#
......#.#sB.#
###############~s#
.#.#....#.#...#.s.#
...............^.^#
^#.#.......#.##.W.#
######...#..###.y#
#.#.....#...##.##
##......#..##..#
#...##.###.##..#
#####...#...#..#
#....#.###..##.#
#....^..#...#..#
#.[#....###.#..#


You could see a radroach (distracted, extremely poisoned, struggling, ally
target), a spark wasp (ally target), a friendly wolf spider (summoned), a
friendly jumping spider (summoned) and a friendly redback (summoned,
struggling).

Vanquished Creatures
  Frances (Spider:2)
  Gastronok (Orc:1)
  2 emperor scorpions
  2 ghost moths
  A dire elephant (Lair:5)
  A fire dragon (Lair:5)
  An entropy weaver (shapeshifter) (D:14)
  An entropy weaver (Spider:2)
  2 vault guards (D:14)
  6 hydras
  2 radroaches
  2 ghost crabs (Spider:2)
  3 jorogumos
  9 centaur warriors
  5 two-headed ogres
  3 tengu warriors
  2 boulder beetles
  A death scarab (Spider:3)
  An occultist (D:11)
  2 deep elf knights (D:13)
  A demonic crawler (Spider:2)
  Sonja (Lair:4)
  2 skysharks
  A fire crab (Lair:5)
  7 pharaoh ants
  Lodul (D:12)
  3 arcanists (D:14)
  4 orb spiders
  7 steelbarb worms
  A deep elf archer (D:14)
  11 ugly things
  3 necromancers (D:14)
  10 wolf spiders
  2 manticores
  A deep elf pyromancer (D:14)
  3 orc sorcerers
  3 orc knights
  A cyclops (D:14)
  3 meliai (Spider:3)
  3 kobold blastminers (Orc:2)
  12 elephants
  A merfolk siren (Lair:2)
  A moth of wrath (Spider:3)
  4 torpor snails
  3 molten gargoyles (Lair:5)
  11 black mambas
  12 cane toads
  8 rime drakes
  An unseen horror (D:11)
  11 komodo dragons
  5 gargoyles
  A tengu conjurer (D:14)
  2 efreet (D:13)
  Psyche (D:12)
  3 polar bears
  6 trolls
  Grinder (D:5)
  16 tarantellas
  5 tyrant leeches (Spider:2)
  A hornet (D:11)
  11 blink frogs
  5 dream sheep (Lair:3)
  15 jumping spiders
  19 culicivoras
  Sigmund (D:5)
  9 slime creatures
  3 vampires
  7 wyverns
  A shadow (D:13)
  A warg (shapeshifter) (D:13)
  36 yaks
  17 humans (D:14)
  11 basilisks
  2 wraiths (D:12)
  A yak (shapeshifter) (D:13)
  Grum (D:11)
  27 redbacks
  10 wargs
  3 steam dragons
  19 vampire mosquitoes
  3 hell hounds (Lair:5)
  11 water moccasins
  Duvessa (D:5)
  A swamp drake (D:10)
  24 orc warriors
  A black bear (D:5)
  2 laughing skulls
  2 ice beasts
  15 ogres
  7 wolves
  12 centaurs
  A kobold brigand (D:8)
  2 brain worms (Sewer)
  12 bullfrogs
  A gnoll sergeant (D:12)
  5 scorpions (D:11)
  Dowan (D:5)
  5 wights (D:8)
  3 killer bees (D:9)
  7 vampire bats (Bailey)
  9 howler monkeys
  6 wolf zombies (Bailey)
  A quasit (D:5)
  5 lava snakes (Lair:5)
  14 orc priests
  A bombardier beetle (D:4)
  4 hounds
  5 jellies
  3 iguanas
  30 orc wizards
  13 hell rats
  8 gnolls
  2 river rats (Sewer)
  20 adders
  A shadow imp (D:6)
  2 white imps (D:7)
  A ribbon worm (D:4)
  3 dart slugs
  59 orcs
  19 bats
  4 endoplasms
  7 giant cockroaches
  8 goblins
  9 hobgoblins
  14 kobolds
  3 quokkas
  9 ball pythons
  13 frilled lizards
  A goblin zombie (D:5)
  2 hobgoblin zombies (D:5)
  2 orc skeletons (D:5)
  23 orc zombies
  6 rats
843 creatures vanquished.

Vanquished Creatures (collateral kills)
  A pharaoh ant (Spider:2)
  A wolf spider (Spider:1)
  3 meliai (Spider:2)
  A torpor snail (Spider:2)
  An unseen horror (D:13)
  A tarantella (Spider:2)
  A blink frog (Lair:5)
  A slime creature (D:13)
  A culicivora (Spider:2)
  A wyvern (Lair:5)
  A wyvern (shapeshifter) (D:13)
  A redback (Spider:2)
  5 orc warriors (Orc:2)
  2 wolves
  A centaur (D:8)
  3 wights (D:8)
  An orc priest (Orc:2)
  A gnoll (D:6)
  7 orcs
34 creatures vanquished.

Vanquished Creatures (others)
  A tengu conjurer (D:13)
  A tyrant leech (Spider:2)
  A tarantella (Spider:1)
  A redback (Spider:3)
  An orc wizard (Orc:1)
  2 sleepcaps
  A butterfly (D:14)
8 creatures vanquished.

Grand Total: 885 creatures vanquished

Notes
Turn   | Place    | Note
-------+----------+-------------------------------------------
     0 | D:1      | runemasterragnar the Draconian Shapeshifter began the quest
                  | for the Orb.
     0 | D:1      | Reached XP level 1. HP: 16/16 MP: 1/1
   199 | D:1      | Found a faded altar of an unknown god.
   298 | D:1      | Reached XP level 2. HP: 23/23 MP: 2/2
   398 | D:1      | Prayed at the altar of an unknown god.
   398 | D:1      | Became a worshipper of Fedhas Madash
   398 | D:1      | Reached * piety under Fedhas
   520 | D:2      | Reached XP level 3. HP: 28/28 MP: 3/3
   546 | D:2      | Gained mutation: Your magical capacity is low. (-10% MP)
                  | [potion of mutation]
   546 | D:2      | Gained mutation: You expend magic power (3 MP) to
                  | strengthen your wands. [potion of mutation]
   546 | D:2      | Gained mutation: Your system is resistant to poisons.
                  | (rPois) [potion of mutation]
   561 | D:2      | Reached XP level 4. HP: 15/36 MP: 4/4
   564 | D:2      | Reached skill level 1 in Invocations
   673 | D:2      | Found Zopt's Antique Weapon Emporium.
   774 | D:2      | Found a runed translucent door.
   775 | D:2      | Noticed Crazy Yiuf
  1052 | D:3      | Reached ** piety under Fedhas
  1117 | D:3      | Found a shadowy altar of Dithmenos.
  1255 | D:3      | Reached XP level 5. HP: 34/41 MP: 5/5
  1713 | D:4      | Noticed an ogre
  1721 | D:4      | Killed an ogre
  1722 | D:4      | Reached skill level 1 in Evocations
  1722 | D:4      | Reached skill level 4 in Shapeshifting
  1760 | D:4      | Identified the +1 robe "Inkusaon" {+Blink rElec}
  1856 | D:4      | Reached XP level 6. HP: 37/49 MP: 6/6
  2540 | D:5      | Entered Level 5 of the Dungeon
  2545 | D:5      | Noticed an ice beast
  2582 | D:5      | Killed an ice beast
  2583 | D:5      | Your scales start taking on a dull iron-grey colour.
  2583 | D:5      | Reached XP level 7. HP: 49/56 MP: 7/7
  2613 | D:5      | Reached *** piety under Fedhas
  2637 | D:5      | Reached skill level 5 in Unarmed Combat
  2649 | D:5      | Noticed Dowan
  2650 | D:5      | Noticed Duvessa
  2661 | D:5      | Noticed a two-headed ogre
  2811 | D:6      | Learned a level 4 spell: Manifold Assault
  2831 | D:6      | Found Coidyo's Mass Market.
  2872 | D:6      | Reached skill level 5 in Shapeshifting
  2961 | D:6      | Found a glowing drain.
  2981 | Sewer    | Entered a sewer
  3377 | D:6      | Reached XP level 8. HP: 63/63 MP: 9/9
  3573 | D:6      | Reached **** piety under Fedhas
  4292 | D:5      | Found a glowing golden altar of the Shining One.
  4479 | D:5      | Found a staircase to the Ecumenical Temple.
  4504 | D:5      | Noticed Sigmund
  4514 | D:5      | Killed Sigmund
  4529 | D:5      | Killed Duvessa
  4530 | D:5      | Reached skill level 6 in Shapeshifting
  4536 | D:5      | Killed Dowan
  4582 | D:5      | Found a stormy altar of Qazlal.
  4699 | D:5      | Noticed Grinder
  4701 | D:5      | Paralysed by Grinder for 4 turns
  4713 | D:5      | Killed Grinder
  4820 | D:5      | Reached XP level 9. HP: 71/72 MP: 10/10
  4885 | D:5      | Killed a two-headed ogre
  5290 | D:7      | Identified a scroll of acquirement
  5290 | D:7      | Acquired 920 gold pieces
  5294 | D:7      | Acquired a manual of Dodging
  5319 | D:7      | Reached skill level 5 in Dodging
  5348 | D:7      | Found a flagged portal.
  5372 | Bailey   | Entered a bailey
  5540 | Bailey   | Reached ***** piety under Fedhas
  5611 | Bailey   | Noticed a gargoyle
  5621 | Bailey   | Killed a gargoyle
  5819 | Bailey   | Found the ring of Shadows {Umbra +Inv Stlth+}
  5846 | Bailey   | Identified the +1 chain mail "Zaurghe Budo" {+Inv}
  6378 | D:7      | Reached skill level 10 in Dodging
  6378 | D:7      | Reached XP level 10. HP: 70/80 MP: 12/12
  6517 | D:7      | Identified the ring "Hoyfregh" {Int+6 Dex+5}
  7107 | D:8      | Found a staircase to the Lair.
  7469 | D:9      | Found an opulent altar of Gozag.
  7470 | D:9      | Found a radiant altar of Vehumet.
  7474 | D:9      | Found a sacrificial altar of Ru.
  7475 | D:9      | Found a bloodstained altar of Trog.
  7475 | D:9      | Found a hazy altar of Hepliaklqana.
  7476 | D:9      | Found an ancient bone altar of Kikubaaqudgha.
  7476 | D:9      | Found a glowing silver altar of Zin.
  7477 | D:9      | Found a shimmering blue altar of Sif Muna.
  7748 | D:9      | Got the Meditations on the Fair Folk
  7929 | D:10     | Entered Level 10 of the Dungeon
  8122 | D:10     | Noticed a two-headed ogre
  8131 | D:10     | Killed a two-headed ogre
  8238 | D:10     | Reached skill level 5 in Fighting
  8258 | D:10     | Reached skill level 7 in Shapeshifting
  8519 | D:10     | Reached XP level 11. HP: 88/88 MP: 12/12
  8589 | D:10     | You fall into a shaft and drop 1 floor!
  8609 | D:11     | Noticed an occultist
  8616 | D:11     | Killed an occultist
  8706 | D:11     | Noticed a two-headed ogre
  8717 | D:11     | Killed a two-headed ogre
  8882 | D:11     | Noticed Grum
  8914 | D:11     | Killed Grum
  8985 | D:11     | Reached skill level 8 in Shapeshifting
  9182 | D:11     | Found the +11 Singing Sword {sonic wave}
  9353 | D:11     | Noticed a boulder beetle
  9365 | D:11     | Killed a boulder beetle
  9495 | D:11     | Acquired the amulet "Ehahea" {Spirit Will++}
  9515 | D:11     | Paralysed by a hornet for 2 turns
  9637 | D:11     | Noticed a two-headed ogre
  9647 | D:11     | Killed a two-headed ogre
  9866 | D:12     | Noticed Lodul
  9874 | D:12     | Killed Lodul
  9875 | D:12     | Reached skill level 9 in Shapeshifting
 10122 | D:12     | Learned a level 2 spell: Blink
 10181 | D:12     | Noticed Psyche
 10184 | D:12     | Noticed a two-headed ogre
 10192 | D:12     | Killed a two-headed ogre
 10192 | D:12     | Reached ****** piety under Fedhas
 10208 | D:12     | Killed Psyche
 10209 | D:12     | Reached XP level 12. HP: 67/101 MP: 13/13
 10403 | D:12     | Found a staircase to the Orcish Mines.
 10584 | Lair:1   | Entered Level 1 of the Lair of Beasts
 10664 | Lair:1   | Found a stormy altar of Qazlal.
 10915 | Lair:1   | Reached skill level 10 in Shapeshifting
 10979 | Lair:1   | Reached skill level 1 in Translocations
 11016 | Lair:1   | Reached skill level 1 in Spellcasting
 11198 | Lair:2   | Identified the +3 leather armour of Heresy {rElec}
 11704 | Lair:2   | Found a staircase to the Shoals.
 12017 | Lair:2   | Noticed a five-headed hydra
 12080 | Lair:2   | Killed a five-headed hydra
 12089 | Lair:2   | Reached skill level 5 in Translocations
 12140 | Lair:2   | Reached skill level 10 in Unarmed Combat
 12706 | Lair:3   | Found a hole to the Spider Nest.
 13569 | Lair:4   | You fall into a shaft and drop 1 floor!
 13569 | Lair:5   | Entered Level 5 of the Lair of Beasts
 13643 | Lair:5   | Noticed a dire elephant
 13669 | Lair:5   | Noticed a four-headed hydra
 13713 | Lair:5   | Reached XP level 13. HP: 81/107 MP: 5/17
 14701 | Lair:5   | Found a viscous altar of Jiyva.
 14702 | Lair:5   | Found a staircase to the Slime Pits.
 14735 | Lair:4   | Noticed Sonja
 14865 | Lair:4   | Killed Sonja
 14866 | Lair:4   | Reached skill level 11 in Shapeshifting
 15152 | Lair:4   | Reached skill level 5 in Invocations
 15666 | Lair:5   | Killed a dire elephant
 16361 | Lair:5   | Reached XP level 14. HP: 116/119 MP: 18/18
 16447 | Lair:5   | Found a large runed translucent door.
 16778 | Lair:5   | Reached skill level 12 in Shapeshifting
 17248 | Lair:5   | Reached skill level 10 in Fighting
 17692 | Lair:5   | Found a large runed translucent door.
 17935 | Lair:5   | Identified the staff "Ubeps" {^Fragile rElec Str+3 Air}
 18258 | Orc:1    | Entered Level 1 of the Orcish Mines
 18258 | Orc:1    | Noticed Gastronok
 18381 | Orc:1    | Killed Gastronok
 19016 | Orc:1    | Found a roughly hewn altar of Beogh.
 19312 | Orc:2    | Entered Level 2 of the Orcish Mines
 20008 | Orc:2    | Reached skill level 13 in Shapeshifting
 20168 | Orc:2    | Found a staircase to the Elven Halls.
 20643 | Orc:2    | Found Aheruly's Antique Weapon Emporium.
 20643 | Orc:2    | Found Sirhir's Armour Boutique.
 20643 | Orc:2    | Found Kiase's Book Shop.
 20646 | Orc:2    | Found Ydomey's Book Shoppe.
 20665 | Orc:2    | Bought a +2 pair of gloves for 214 gold pieces
 21454 | D:13     | Found a large runed translucent door.
 21456 | D:13     | Found a large runed translucent door.
 21490 | D:13     | Found a large runed translucent door.
 21491 | D:13     | Found a large runed translucent door.
 21911 | D:13     | Reached XP level 15. HP: 122/129 MP: 17/19
 22016 | D:13     | Found a large runed translucent door.
 22017 | D:13     | Found a large runed translucent door.
 22269 | D:13     | Found a large runed translucent door.
 22272 | D:13     | Found a large runed translucent door.
 23609 | D:14     | Found a runed translucent gate.
 23610 | D:14     | Found a runed translucent gate.
 23611 | D:14     | Found a runed translucent gate.
 23708 | D:14     | Found a white marble altar of Elyvilon.
 23730 | D:14     | Noticed Azoth's ghost (journeyman FeSh)
 23824 | D:14     | Identified the +10 falchion "Zuag" {speed, rElec rC+}
 23879 | D:14     | Reached skill level 14 in Shapeshifting
 24103 | D:14     | Found a gate to the Vaults.
 24599 | Spider:1 | Entered Level 1 of the Spider Nest
 25241 | Spider:1 | Noticed an emperor scorpion
 25253 | Spider:1 | Killed an emperor scorpion
 26646 | Spider:2 | Reached skill level 10 in Invocations
 27073 | Spider:2 | Noticed Frances
 27105 | Spider:2 | Killed Frances
 27133 | Spider:2 | Reached skill level 15 in Shapeshifting
 27133 | Spider:2 | Reached XP level 16. HP: 41/135 MP: 8/21
 33807 | Spider:3 | HP: 6/134 [poisoned by a jorogumo]
 33808 | Spider:3 | Slain by a spark wasp

Illustrated notes

Levels and vault maps discovered:
D:1:      dpeg_arrival_rooms_with_view, layout_rooms,
          shapermc_ecumenical_altar_petra
D:2:      layout_rooms, serial_shops, shop, uniq_crazy_yiuf_cottage
D:3:      layout_rooms, grunt_dithmenos_smoke_and_mirrors,
          kennysheep_flooded_box
D:4:      layout_loops_corners, grunt_decor_junction,
          hangedman_abyss_or_decor_stabs, minmay_close_crescents
D:5:      layout_gridville, nicolae_tso_besieged_by_evil,
          mainiacjoe_overflow_catwalk, minmay_temple_entry_glassed_door,
          nicolae_sextant, nicolae_titane, uniq_grinder, uniq_sigmund,
          uniq_duvessa
D:6:      layout_cave_pods, mainiacjoe_sewer_entry_somewhere_in_here_1,
          minmay_shop_mass, minmay_misc_feat_iff, patterned_corridor
D:7:      layout_basic, enter_bailey_3
D:8:      wander_river, layout_cave_pools, erik_lair_orcish_takeover
D:9:      layout_roguey, grunt_temple_overflow_open
D:10:     layout_loops_corners, pond
D:11:     old_forge, layout_loops_cross, gauntlet_entry_generic, uniq_grum
D:12:     layout_roguey, uniq_psyche, uniq_lodul
D:13:     minmay_five_octagons, layout_irregular_city
D:14:     minmay_roctagon, layout_gridville, grunt_vaults_entry_tiered,
          nicolae_elyvilon_peaceful_grove, gammafunk_ghost_icy,
          minmay_misc_feat_diagonals, chequers_serial_rivers_small_3
Lair:1:   beast_lair_carwin_large_2, layout_hall_layers, basic_altar,
          grunt_megastairs_5
Lair:2:   layout_roguey, minmay_shoals_entry_lonely_mermaid, roderic_batcave,
          hangedman_lair_generics_rect
Lair:3:   layout_chaotic_city, spider_nest_entry_a, serial_bayou_shore_b,
          grunt_megastairs_2, infiniplex_staircase_pool
Lair:4:   layout_roguey, special_room [special_room_mythical_zoo],
          cheibrodos_lair_reptile_den, uniq_sonja
Lair:5:   cheibrodos_lair_end_hotspot, layout_long_grid, slime_entry_1
Spider:1: layout_chambers, nicolae_spider_checkerboard
Spider:2: layout_spider_delve, nicolae_spider_swamp_cousins, uniq_frances
Spider:3: nicolae_spider_hilbert_zone_4 [nicolae_spider_hilbert_4_sides_2_open,
          nicolae_spider_hilbert_4_sides_1_open,
          nicolae_spider_hilbert_4_sides_1_open,
          nicolae_spider_hilbert_4_sides_1_open,
          nicolae_spider_hilbert_4_sides_1_open,
          nicolae_spider_hilbert_2_sides_1_open,
          nicolae_spider_hilbert_2_sides_1_open,
          nicolae_spider_hilbert_2_sides_1_open,
          nicolae_spider_hilbert_2_sides_1_open,
          nicolae_spider_hilbert_6_sides_1_open,
          nicolae_spider_hilbert_6_sides_1_open,
          nicolae_spider_hilbert_3_sides_1_open,
          nicolae_spider_hilbert_3_sides_1_open]
Orc:1:    layout_caves, basic_altar, mines4_lemuel, uniq_gastronok
Orc:2:    st_orc_rangers, layout_caves

Skill      XL: |  1  2  3  4  5  6  7  8  9 10 11 12 13 14 15 16 |
---------------+-------------------------------------------------+-----
Dodging        | 2 3 4 10 14 | 14.0
Invocations    | 1 2 3 4 6 8 10 11 | 11.1
Unarmed Combat | 4 5 6 7 9 10 11 12 13 14 | 14.2
Fighting       | 2 3 4 5 7 8 9 11 12 13 | 13.2
Evocations     | 1 2 3 |  3.8
Shapeshifting  | 4 5 6 7 9 10 11 13 15 | 15.8
Translocations | 7 |  7.4
Spellcasting   | 4 |  4.6

Action                     |  1- 3 |  4- 6 |  7- 9 | 10-12 | 13-15 | 16-18 || total
---------------------------+-------+-------+-------+-------+-------+-------++-------
  Melee: Unarmed           |    48 |   158 |   428 |   798 |  1947 |   421 ||  3800
         Tailslap          |     6 |    20 |    75 |   152 |   451 |   114 ||   818
         Punch             |       |     5 |     9 |     9 |     6 |     4 ||    33
         Maw               |       |       |       |    37 |       |     8 ||    45
         Constrict         |       |       |       |     3 |       |       ||     3
  Throw: Dart              |     6 |       |       |       |       |       ||     6
   Cast: Manifold Assault  |       |       |       |     3 |     7 |       ||    10
         Blink             |       |       |       |       |     1 |     2 ||     3
 Invoke: Wall of Briars    |       |       |     1 |    10 |    37 |     7 ||    55
         Overgrow          |       |       |       |       |     5 |     3 ||     8
Ability: Mud Breath        |       |       |     6 |     5 |     9 |     4 ||    24
  Evoke: Wand              |       |       |     3 |    11 |     9 |     9 ||    32
    Use: Potion            |     4 |       |     2 |       |     9 |     7 ||    22
         Scroll            |     1 |     3 |     9 |    10 |     8 |     6 ||    37
   Stab: Sleeping          |       |     2 |     1 |     4 |       |       ||     7
         Paralysed         |       |       |     5 |       |       |       ||     5
         Invisible         |       |       |       |       |     3 |       ||     3
         Distracted        |       |       |       |       |     2 |       ||     2
         Confused          |       |       |       |       |     1 |       ||     1
 Armour: Skin              |    30 |    75 |   259 |   317 |  1143 |   488 ||  2312
  Dodge: Dodged            |    27 |    87 |   402 |   892 |  2262 |   948 ||  4618
   Form: Flux              |       |       |     1 |     1 |       |       ||     2
         Maw               |       |       |       |     1 |       |     1 ||     2
         Serpent           |       |       |       |     1 |       |       ||     1

Table legend: (Time is in decaauts)
 A = Elapsed time spent in this place.
 B = Non-inter-level travel time spent in this place.
 C = Inter-level travel time spent in this place.
 D = Time resting spent in this place.
 E = Time spent auto-exploring this place.
 F = Levels seen in this place.
 G = Mean time per level.
                   A        B        C        D        E       F      G
               +--------+--------+--------+--------+--------+-----+--------+
         Total |  33177 |  31883 |   1294 |   6680 |  17871 |  26 | 1276.0 |
       Dungeon |  13404 |  12673 |    731 |   1521 |   8158 |  14 |  957.4 |
          Lair |   7404 |   6971 |    433 |    747 |   4365 |   5 | 1480.8 |
   Spider Nest |   9049 |   8978 |     71 |   4183 |   3381 |   3 | 3016.3 |
  Orcish Mines |   2200 |   2141 |     59 |    229 |   1229 |   2 | 1100.0 |
         Sewer |    327 |    327 |      0 |      0 |    191 |   1 |  327.0 |
        Bailey |    790 |    790 |      0 |      0 |    546 |   1 |  790.0 |
               +--------+--------+--------+--------+--------+-----+--------+

Top non-repeatable levels by time:
Spider:2: 3667 daAuts
Spider:3: 3391 daAuts
  Lair:5: 3167 daAuts
    D:12: 2095 daAuts
Spider:1: 1991 daAuts
    D:13: 1531 daAuts
   Orc:2: 1475 daAuts
    D:11: 1351 daAuts
  Lair:4: 1311 daAuts
     D:6: 1308 daAuts
  Lair:3: 1178 daAuts
  Lair:2: 1127 daAuts
     D:4: 1084 daAuts
     D:5: 1066 daAuts
    D:14: 857 daAuts
